 Dungeon Crawl Stone Soup version 0.29.1-15-g9cfb28693d (webtiles) character file.

Game seed: 12833150712905797520

11172 Eitelfritz the Severer (level 11, -21/97 HPs)
             Began as a Hill Orc Fighter on Apr 1, 2023.
             Was an Elder of Zin.
             Killed from afar by an ice dragon (38 damage)
             ... with a blast of cold
             ... on level 11 of the Dungeon.
             The game lasted 00:19:17 (11361 turns).

Eitelfritz the Severer (Hill Orc Fighter)          Turns: 11361, Time: 00:19:18

Health: -21/97     AC: 20    Str: 24    XL:     11   Next: 73%
Magic:  17/17      EV:  7    Int:  8    God:    Zin [****..]
Gold:   595        SH:  5    Dex: 10    Spells: 10/10 levels left

rFire   . . .      SeeInvis .   a - +6 war axe (flame)
rCold   . . .      Faith    .   c - +0 buckler
rNeg    . . .      Spirit   .   v - +0 plate armour
rPois   +          Reflect  .   s - +1 helmet of Claustrophobia {rPois Will++}
rElec   .          Harm     .   d - +2 cloak {rCorr}
rCorr   +          Rampage  .   (no gloves)
Will    ++...                   (no boots)
Stlth   ..........              (no amulet)
HPRegen 0.26/turn               (no ring)
MPRegen 0.15/turn               (no ring)

@: hasted, studying Evocations, very quick
A: no striking features
a: Renounce Religion, Recite, Vitalisation, Imprison, Donate Gold


You were on level 11 of the Dungeon.
You worshipped Zin.
Zin was greatly pleased with you.
You visited 2 branches of the dungeon, and saw 12 of its levels.

You collected 661 gold pieces.
You donated 66 gold pieces to Zin.

Inventory:

Hand Weapons
 a - a +6 war axe of flaming (weapon)
 b - a +0 sling
 r - a +1 vorpal war axe
Missiles
 g - 2 curare-tipped darts
 n - 13 boomerangs
 q - 2 throwing nets
 w - 6 javelins
 C - 47 poisoned darts
Armour
 c - a +0 buckler (worn)
 d - a +2 cloak of preservation (worn)
 s - the +1 helmet of Claustrophobia (worn) {rPois Will++}
   (You found it on level 3 of the Dungeon)

   rPois:     It protects you from poison.
   Will:      It greatly increases your willpower.
 t - the +3 leather armour of the Stag {Rampage rN+ Str+6 Dex-4}
   (You found it on level 3 of the Dungeon)

   Str:       It affects your strength (+6).
   Dex:       It affects your dexterity (-4).
   rN:        It protects you from negative energy.
   Rampage:   It bestows one free step when moving towards enemies.
 v - a +0 plate armour (worn)
 B - a +0 troll leather armour
Jewellery
 o - a ring of magical power
 G - a ring of ice
Wands
 e - a wand of quicksilver (5)
 u - a wand of flame (10)
 z - a wand of paralysis (7)
 E - a wand of roots (7)
Scrolls
 f - 6 scrolls of teleportation
 j - 6 scrolls of identify
 l - 2 scrolls of amnesia
 p - a scroll of blinking
 x - a scroll of silence
 y - 2 scrolls of magic mapping
 D - 3 scrolls of brand weapon
 H - 2 scrolls of butterflies
Potions
 h - 4 potions of attraction
 i - 3 potions of magic
 k - 4 potions of flight
 A - 5 potions of curing


   Skills:
 + Level 9.6 Fighting
 + Level 15.1 Axes
 + Level 9.4 Armour
 + Level 1.6 Dodging
 + Level 1.3 Stealth
 + Level 6.6 Shields
 * Level 8.9 Invocations


You had 10 spell levels left.
You didn't know any spells.
Your spell library contained the following spells:

 Spells                   Type           Power      Damage    Failure   Level
 Slow                     Hex            0%         N/A       100%        1
 Confusing Touch          Hex            0%         N/A       100%        3
 Conjure Flame            Conj/Fire      0%         6-21      100%        3
 Dazzling Flash           Conj/Hex       0%         N/A       100%        3
 Frozen Ramparts          Ice            0%         1d1       100%        3
 Ignite Poison            Fire/Tmut/Pois 0%         N/A       100%        3
 Tukima's Dance           Hex            0%         N/A       100%        3
 Vampiric Draining        Necr           0%         2d6       100%        3
 Animate Armour           Summ/Erth      0%         N/A       100%        4
 Cause Fear               Hex            0%         N/A       100%        4
 Corpse Rot               Necr/Pois/Air  0%         N/A       100%        4
 Dispel Undead            Necr           0%         3d6       100%        4
 Ice Form                 Ice/Tmut       0%         N/A       100%        4
 Passage of Golubria      Tloc           0%         N/A       100%        4
 Sticky Flame             Conj/Fire      0%         2d3       100%        4
 Summon Ice Beast         Ice/Summ       0%         N/A       100%        4
 Agony                    Necr           0%         N/A       100%        5
 Blade Hands              Tmut           0%         N/A       100%        5
 Silence                  Hex/Air        0%         N/A       100%        5
 Yara's Violent Unravell  Hex/Tmut       0%         3d3       100%        5
 Death Channel            Necr           0%         N/A       100%        6
 Iron Shot                Conj/Erth      0%         9d1       100%        6
 Dragon Form              Tmut           0%         N/A       100%        7
 Dragon's Call            Summ           0%         N/A       100%        9


Dungeon Overview and Level Annotations

Branches:
Dungeon (11/15)            Temple (1/1) D:6            Lair (0/5) D:9
    Orc: D:9-12

Altars:
Ashenzari
Cheibriados
Dithmenos
Elyvilon
Fedhas
Gozag
Hepliaklqana
Kikubaaqudgha
Makhleb
Nemelex Xobeh
Okawaru
Qazlal
Ru
Sif Muna
Trog
Uskayaw
Vehumet
Wu Jian
Xom
Yredelemnul
Zin
The Shining One

Shops:
D:6 (   D:7 [

Portals:
Trove: D:10 (give 4 potions of resistance)
Ice
Cave: D:11

Annotations:
D:6 3 runed translucent doors, engelados's ghost, novice OpIE


Message History

You miss the wolf.
The wolf howls!
You hear a bellow!
You hear an angry growl.
You hear a howl!
You hear an angry growl.
You hear a bellow!
The wolf completely misses you.
You barely miss the wolf. You hit the boulder beetle.
You burn the boulder beetle. You block the wolf's attack.
The boulder beetle hits you but does no damage.
The boulder beetle stops rolling and uncurls.
You slash the wolf! You burn the wolf.
You kill the wolf!
You hit the boulder beetle but do no damage.
The boulder beetle bites you.
You hit the boulder beetle. You burn the boulder beetle.
The boulder beetle is severely wounded.
The boulder beetle leaps!
The boulder beetle curls into a ball and begins rolling!
A yak, an ice dragon and 2 polar bears come into view.
Found a frozen archway.
The yak bellows!
The polar bear growls angrily.
The ice dragon roars deafeningly!
The polar bear growls angrily.
You hear a howl!
A yak comes into view.
A wolf comes into view.
Found 16 gold pieces.
The wolf howls!
The yak gores you!
* * * LOW HITPOINT WARNING * * *
You slice the yak!! You burn the yak!
The yak is severely wounded.
You slash the yak! You burn the yak.
You kill the yak!
You hit the boulder beetle but do no damage.
The boulder beetle hits you!
* * * LOW HITPOINT WARNING * * *
The boulder beetle stops rolling and uncurls.
Unknown command.
You feel yourself speed up. The ice dragon breathes frost at you.
The blast of cold hits you!!!
You die...

....###......................
##### ##########.############
#........# #######.......##
..............#
#######.####### #
...###.####### ...
#....#....##B###hY...
#....#○...#○#@Dhh..∩.
#....#.B...####.#....
#....#.#+### # $ #...○#.○..#
#..°...#### #........#
#...#.....# #..# #.....# #.
#B....#


You could see an ice dragon (catching breath), a boulder beetle, 2 polar bears,
a yak and a wolf.

Vanquished Creatures
  Gastronok (D:10)
  An ugly thing (D:10)
  A gargoyle (D:9)
  An unseen horror (D:10)
  A troll (D:9)
  3 hornets
  Prince Ribbit (D:6)
  Sigmund (D:3)
  23 yaks
  A wyvern (D:8)
  A steam dragon (D:9)
  Grum (D:8)
  An acid dragon (D:10)
  2 water moccasins
  2 black bears
  3 orc warriors
  An ice beast (D:6)
  4 wolves
  An ogre (D:5)
  4 centaurs
  A phantom (D:7)
  4 kobold brigands
  2 bullfrogs
  4 necrophages
  A gnoll sergeant (D:8)
  2 scorpions
  6 wights
  6 killer bees (D:9)
  6 howler monkeys
  The ghost of Quickbrownfox the Chiller, a weakling OpIE of Ignis (D:3)
  A centaur zombie (D:4)
  5 hounds
  An orc priest (D:8)
  2 jellies (D:6)
  Crazy Yiuf (D:2)
  2 gnoll boudas
  A human zombie (D:4)
  3 iguanas
  5 orc wizards
  2 scorpion zombies (D:4)
  3 mummies (D:4)
  15 gnolls
  9 adders
  A white imp (D:6)
  An ufetubus (D:5)
  2 adder zombies (D:4)
  A worm (D:3)
  A dart slug (D:1)
  20 orcs
  3 bats
  6 endoplasms
  A giant cockroach (D:2)
  4 goblins
  6 hobgoblins
  4 quokkas
  7 ball pythons
  2 frilled lizards
  A jackal zombie (D:4)
  35 kobolds
  3 rats
235 creatures vanquished.

Vanquished Creatures (others)
  A fungus (D:2)
  27 plants (D:5)
28 creatures vanquished.

Grand Total: 263 creatures vanquished

Notes
Turn   | Place    | Note
-------+----------+-------------------------------------------
     0 | D:1      | Eitelfritz the Hill Orc Fighter began the quest for the
                  | Orb.
     0 | D:1      | Reached XP level 1. HP: 19/19 MP: 1/1
   255 | D:1      | Found a faded altar of an unknown god.
   270 | D:1      | Reached XP level 2. HP: 18/27 MP: 2/2
   478 | D:1      | Reached skill level 3 in Axes
  1069 | D:2      | Reached XP level 3. HP: 22/33 MP: 3/3
  1566 | D:2      | Reached skill level 4 in Axes
  1571 | D:2      | Reached XP level 4. HP: 26/40 MP: 4/4
  1876 | D:2      | Found a runed translucent door.
  1877 | D:2      | Noticed Crazy Yiuf
  2057 | D:2      | Killed Crazy Yiuf
  2151 | D:3      | Identified the +1 helmet of Claustrophobia {rPois Will++}
  2171 | D:3      | Identified the +3 leather armour of the Stag {Rampage rN+
                  | Str+6 Dex-4}
  2208 | D:3      | Reached XP level 5. HP: 44/46 MP: 5/5
  2605 | D:3      | You fall into a shaft and drop 1 floor!
  2654 | D:4      | Reached skill level 1 in Dodging
  2700 | D:4      | Reached skill level 5 in Axes
  2789 | D:4      | Reached XP level 6. HP: 46/53 MP: 6/6
  2865 | D:4      | Reached skill level 6 in Axes
  3000 | D:4      | Found a basalt altar of Yredelemnul.
  3082 | D:4      | Found an iron altar of Okawaru.
  3215 | D:3      | Noticed Sigmund
  3221 | D:3      | Killed Sigmund
  3222 | D:3      | Reached skill level 5 in Fighting
  3222 | D:3      | Reached skill level 7 in Axes
  3222 | D:3      | Reached XP level 7. HP: 41/61 MP: 7/7
  3383 | D:3      | Noticed Quickbrownfox's ghost (weakling OpIE)
  3384 | D:3      | Found a runed translucent gate.
  3384 | D:3      | Found a runed translucent gate.
  3384 | D:3      | Found a runed translucent gate.
  3469 | D:3      | Killed Quickbrownfox's ghost
  3484 | D:3      | Reached skill level 8 in Axes
  3859 | D:4      | Reached skill level 5 in Armour
  3885 | D:4      | Identified the +9 mace of Responsibility {venom, rC+}
  4409 | D:5      | Entered Level 5 of the Dungeon
  4561 | D:5      | Reached XP level 8. HP: 53/68 MP: 8/8
  4934 | D:5      | Reached skill level 9 in Axes
  4934 | D:5      | Reached skill level 1 in Stealth
  5104 | D:5      | Found an ancient bone altar of Kikubaaqudgha.
  5388 | D:5      | Reached skill level 10 in Axes
  5903 | D:6      | Reached skill level 5 in Shields
  6044 | D:6      | Found Wemmut's Weapon Shop.
  6061 | D:6      | Found a staircase to the Ecumenical Temple.
  6082 | Temple   | Entered the Ecumenical Temple
  6165 | Temple   | Became a worshipper of Zin the Law-Giver
  6165 | Temple   | Reached * piety under Zin
  6165 | Temple   | Reached ** piety under Zin
  6195 | D:6      | Reached XP level 9. HP: 75/75 MP: 9/9
  6198 | D:6      | Reached skill level 11 in Axes
  6198 | D:6      | Reached skill level 1 in Invocations
  6207 | D:6      | Found a runed translucent gate.
  6207 | D:6      | Found a runed translucent gate.
  6207 | D:6      | Found a runed translucent gate.
  6249 | D:6      | Noticed Prince Ribbit
  6255 | D:6      | Killed Prince Ribbit
  6526 | D:6      | Noticed engelados's ghost (novice OpIE)
  6614 | D:6      | Identified a scroll of acquirement
  6614 | D:6      | Acquired a manual of Evocations
  6793 | D:7      | Found Rumuuguj's Antique Armour Shoppe.
  7082 | D:7      | Found a hazy altar of Hepliaklqana.
  7082 | D:7      | Found a broken altar of Ashenzari.
  7090 | D:7      | Found a faded altar of an unknown god.
  7092 | D:7      | Found a faded altar of an unknown god.
  7094 | D:7      | Found a blossoming altar of Fedhas.
  7460 | D:7      | Reached skill level 12 in Axes
  7825 | D:8      | Noticed Grum
  7847 | D:8      | Reached skill level 5 in Invocations
  7847 | D:8      | Reached XP level 10. HP: 33/86 MP: 13/13
  7851 | D:8      | Killed Grum
  7872 | D:8      | Reached skill level 13 in Axes
  8414 | D:8      | Reached *** piety under Zin
  8550 | D:9      | Found a staircase to the Lair.
  8575 | D:9      | Found a shimmering blue altar of Sif Muna.
  9093 | D:9      | Found a glowing golden altar of the Shining One.
  9125 | D:9      | Found a burning altar of Makhleb.
  9242 | D:9      | Reached skill level 14 in Axes
  9354 | D:9      | Reached XP level 11. HP: 93/95 MP: 16/16
  9928 | D:10     | Entered Level 10 of the Dungeon
  9928 | D:10     | Found a portal to a secret trove of treasure.
 10113 | D:10     | Noticed a white ugly thing
 10128 | D:10     | Killed a white ugly thing
 10428 | D:10     | Noticed Gastronok
 10446 | D:10     | Killed Gastronok
 10447 | D:10     | Reached skill level 15 in Axes
 10793 | D:10     | Found a snail-covered altar of Cheibriados.
 10941 | D:10     | Identified the +3 robe "Bautaet" {rCorr SInv}
 10961 | D:10     | Found an opulent altar of Gozag.
 11180 | D:10     | Found a shadowy altar of Dithmenos.
 11271 | D:11     | Reached **** piety under Zin
 11299 | D:11     | Noticed a boulder beetle
 11357 | D:11     | Found a frozen archway.
 11357 | D:11     | Noticed an ice dragon
 11361 | D:11     | Killed from afar by an ice dragon

Illustrated notes

Levels and vault maps discovered:
D:1:      dpeg_arrival_pits, layout_basic, dreamdust_ecumenical_altar_statues
D:2:      layout_loops_ring, uniq_crazy_yiuf_cottage
D:3:      layout_basic, gammafunk_ghost_nasty_kobolds, uniq_sigmund
D:4:      layout_loops_ring, lemuel_mausoleum_altar_yredelemnul,
          lemuel_doored_altar, kennysheep_donut
D:5:      kennysheep_kobold_camp, layout_cave_pods, general_overflow_altar,
          kennysheep_generic_room_13
D:6:      layout_basic, minmay_temple_entry_offerings,
          gammafunk_ghost_necromancy, serial_shops, kennysheep_mini,
          hangedman_decor_peaks_small, uniq_prince_ribbit1
D:7:      layout_basic, chequers_temple_overflow_minitemple, serial_shops, shop
D:8:      layout_basic, uniq_grum
D:9:      minmay_inner_zag, layout_cave_pools, mainiacjoe_overflow_two_lobes,
          nicolae_sif_muna_condensation
D:10:     layout_basic, grunt_gozag_statues,
          nicolae_dithmenos_through_a_glass_darkly, overflow_temple_1_default,
          enter_trove_1, uniq_gastronok
D:11:     layout_basic, orc_0_dummy, portal_ice_cave_entry_animals_and_master,
          uniq_psyche
Temple:   compressed_dpeg_circular_temple

Skill      XL: |  1  2  3  4  5  6  7  8  9 10 11 |
---------------+----------------------------------+-----
Fighting       | 4 5 6 7 8 9 |  9.6
Axes           | 3 4 5 7 8 10 12 14 15 | 15.1
Armour         | 4 5 6 8 9 |  9.4
Dodging        | 1 |  1.6
Shields        | 4 5 6 |  6.6
Stealth        | 1 |  1.3
Invocations    | 5 7 8 |  8.9

Action                   |  1- 3 |  4- 6 |  7- 9 | 10-12 || total
-------------------------+-------+-------+-------+-------++-------
Melee: War axe           |    98 |   146 |   272 |   273 ||   789
 Fire: Sling             |     3 |       |       |       ||     3
Invok: Recite            |       |       |       |     7 ||     7
  Use: Potion            |       |     1 |       |     6 ||     7
       Scroll            |       |       |    25 |     3 ||    28
 Stab: Confused          |       |       |       |     1 ||     1
Armor: Scale mail        |    41 |       |       |       ||    41
       Chain mail        |     2 |    71 |   109 |       ||   182
       Plate armour      |       |       |    61 |   138 ||   199
Dodge: Dodged            |    65 |    42 |   113 |    59 ||   279
Block: Buckler           |    34 |    27 |    59 |    49 ||   169
